 Dungeon Crawl Stone Soup version 0.28.0-53-g5a82cb258f (webtiles) character file.

Game seed: 11429026928153665088

40 Zeld the Firebug (level 3, -1/31 HPs)
             Began as an Ogre Fire Elementalist on June 6, 2022.
             Slain by an adder (3 damage)
             ... on level 2 of the Dungeon.
             The game lasted 00:01:09 (1619 turns).

Zeld the Firebug (Ogre Fire Elementalist)           Turns: 1619, Time: 00:01:09

Health: -1/31      AC:  3    Str: 12    XL:     3   Next: 50%
Magic:  1/7        EV: 10    Int: 18    God:
Gold:   36         SH:  0    Dex:  9    Spells: 2/8 levels left

rFire   . . .      SeeInvis .   (no weapon)
rCold   . . .      Faith    .   (no shield)
rNeg    . . .      Spirit   .   a - +0 robe
rPois   .          Reflect  .   (helmet restricted)
rElec   .          Harm     .   (no cloak)
rCorr   .          Rampage  .   (gloves unavailable)
Will    .....                   (boots unavailable)
Stlth   +.........              (no amulet)
HPRegen 0.10/turn               (no ring)
MPRegen 0.10/turn               (no ring)

@: no status effects
A: large, unfitting armour, tough skin 1
a: no special abilities


You were on level 2 of the Dungeon.
You visited 1 branch of the dungeon, and saw 2 of its levels.

You collected 36 gold pieces.

Inventory:

Armour
 a - a +0 robe (worn)
Scrolls
 b - a scroll of blinking {unknown}
 c - 2 scrolls of enchant weapon {unknown}
Potions
 d - a potion of attraction {unknown}
 e - a potion of brilliance {unknown}
 f - a potion of resistance {unknown}


   Skills:
 + Level 2.1 Dodging
 - Level 1.4 Stealth
 * Level 3.1 Spellcasting
 + Level 1.3 Conjurations
 * Level 3.2 Fire Magic


You had 2 spell levels left.
You knew the following spells:

 Your Spells              Type           Power      Damage    Failure   Level
a - Foxfire               Conj/Fire      44%        2x1d6     6%          1
b - Scorch                Fire           28%        2d6       6%          2
c - Inner Flame           Hex/Fire       8%         N/A       26%         3

Your spell library contained the following spells:

 Spells                   Type           Power      Damage    Failure   Level
 Conjure Flame            Conj/Fire      11%        6-21      19%         3
 Flame Wave               Conj/Fire      11%        2d5       52%         4


Dungeon Overview and Level Annotations

Branches:
Dungeon (2/15)

Altars:

Shops:
D:2 *


Innate Abilities, Weirdness & Mutations

You are too large for most types of armour.
You have tough skin. (AC +1)


Message History

Confirm with . or Enter, or press ? or * to list all spells.
Flames lash the adder.
You kill the adder!
You hear a shout!
Unknown command.
A hobgoblin comes into view. It is wielding a +0 mace.
A hobgoblin is nearby!
A hobgoblin is nearby!
A hobgoblin is nearby!
A hobgoblin is nearby!
A hobgoblin is nearby!
Casting: Scorch (safe; 6% risk of failure)
Confirm with . or Enter, or press ? or * to list all spells.
You don't have enough magic to cast this spell.
Casting: Scorch (safe; 6% risk of failure)
Confirm with . or Enter, or press ? or * to list all spells.
You don't have enough magic to cast this spell.
You hit the hobgoblin but do no damage.
An adder comes into view.
The hobgoblin hits you with a +0 mace.
The adder moves out of view.
You are too injured to fight recklessly!
You hit the hobgoblin.
The hobgoblin is lightly wounded.
The hobgoblin hits you with a +0 mace.
You are too injured to fight recklessly!
You hit the hobgoblin but do no damage.
The hobgoblin is lightly wounded.
The hobgoblin hits you with a +0 mace.
You are too injured to fight recklessly!
Casting: Scorch (safe; 6% risk of failure)
Confirm with . or Enter, or press ? or * to list all spells.
You don't have enough magic to cast this spell.
As you open the door, it creaks loudly! The hobgoblin barely misses you.
Found Jiepeq's General Store.
There is an open door here.
You open the door. The hobgoblin hits you with a +0 mace!
* * * LOW HITPOINT WARNING * * *
The adder bites you.
You die...

## ##.#.†#..(......# ...
####.....#.##......# ....
+.......#####.#######
.....##......# #.......#
......#.####..#########..#
.......<...............>.#
##.##.#.#####..#######...#
#.#.# #.### #...#### # #..
#@#.# ##.....# ###
+∩Sg#####..##.####
.###+#..............#
#......)......########
#.####........# ##.......#
#.......# #.......#
...#####.#


You could see an adder and a hobgoblin.

Vanquished Creatures
  An adder (D:2)
  4 ball pythons (D:1)
  3 endoplasms (D:1)
  2 goblins
  5 hobgoblins (D:1)
  3 bats
  A frilled lizard (D:1)
  5 kobolds
  6 rats
30 creatures vanquished.

Vanquished Creatures (others)
  23 foxfires (D:1)
23 creatures vanquished.

Grand Total: 53 creatures vanquished

Notes
Turn   | Place    | Note
-------+----------+-------------------------------------------
     0 | D:1      | Zeld the Ogre Fire Elementalist began the quest for the
                  | Orb.
     0 | D:1      | Reached XP level 1. HP: 16/16 MP: 3/3
    95 | D:1      | Reached skill level 1 in Conjurations
   290 | D:1      | Reached XP level 2. HP: 24/24 MP: 3/5
   293 | D:1      | Learned a level 2 spell: Scorch
   974 | D:1      | Reached XP level 3. HP: 31/31 MP: 3/7
   980 | D:1      | Learned a level 3 spell: Inner Flame
  1616 | D:2      | Found Jiepeq's General Store.
  1619 | D:2      | Slain by an adder

Illustrated notes

Levels and vault maps discovered:
D:1:      onia_arrival_handbag, layout_loops_ring
D:2:      layout_basic, dreamdust_ecumenical_altar_sealed_demon, serial_shops,
          nicolae_shop_behind_doors, minmay_door_square, minmay_crystal_water,
          uniq_sigmund

Skill      XL: |  1  2 |
---------------+-------+-----
Conjurations   | 1 |  1.3
Dodging        | 2 |  2.1
Fire Magic     | 3 |  3.2
Spellcasting   | 3 |  3.1
Stealth        | |  1.4

Action                   || total
-------------------------++-------
Melee: Unarmed           ||    53
       Punch             ||     1
 Cast: Foxfire           ||    18
       Scorch            ||    21
 Stab: Sleeping          ||     2
Armor: Robe              ||    19
Dodge: Dodged            ||    34
